 Dungeon Crawl Stone Soup version 0.20-a0-681-gf83e07f (webtiles) character file.

6617 shpingle the Grappler (level 10, -4/91 HPs)
             Began as a Troll Gladiator on Feb 19, 2017.
             Was a Believer of Sif Muna.
             Slain by a five-headed hydra (6 damage)
             ... on level 11 of the Dungeon.
             The game lasted 00:23:41 (4896 turns).

shpingle the Grappler (Troll Gladiator)             Turns: 4896, Time: 00:23:41

Health: -4/91      AC: 14    Str: 24    XL:     10   Next: 72%
Magic:  10/10      EV: 13    Int:  4    God:    Sif Muna [**....]
Gold:   270        SH: 10    Dex: 14    Spells: 9/11 levels left

rFire    x . .     SeeInvis .     - Unarmed
rCold    + . .     Gourm    +   S - +3 troll leather armour
rNeg     . . .     Faith    .   D - +0 shield
rPois    .         Spirit   .   b - +2 hat
rElec    .         Reflect  .   W - +1 cloak
rCorr    .         Harm     .   (gloves unavailable)
MR       .....                  (boots unavailable)
Stlth    +.........             (no amulet)
Regen    1.1/turn               X - ring of ice
MPRegen  0.2/turn               N - +2 ring of slaying (curse)

@: no status effects
A: unfitting armour, claws 3, fast metabolism 3, gourmand, regeneration 1,
shaggy fur 1, tough skin 2
a: Divine Energy, Renounce Religion


You were on level 11 of the Dungeon.
You worshipped Sif Muna.
Sif Muna was pleased with you.
You were very full.

You visited 2 branches of the dungeon, and saw 12 of its levels.

You collected 351 gold pieces.
You spent 81 gold pieces at shops.

Inventory:

Missiles
 j - 169 stones (quivered)
 u - 6 silver javelins
 H - 2 javelins
 M - 3 tomahawks
Armour
 b - a +2 hat (worn)
 D - a +0 shield (worn)
 F - a +2 robe of positive energy
 S - a +3 troll leather armour (worn)
 V - a +0 robe of cold resistance
 W - a +1 cloak (worn)
Jewellery
 N - a cursed +2 ring of slaying (left claw)
 R - an uncursed ring of resist corrosion
 X - a ring of ice (right claw)
Wands
 C - a wand of paralysis (10/24)
 G - a wand of paralysis (12/24)
 T - a wand of paralysis (6/24)
Scrolls
 f - 9 scrolls of identify
 p - a scroll of recharging
 v - 4 scrolls of teleportation
 z - 2 scrolls of amnesia {unknown}
 J - a scroll of noise {unknown}
 U - a scroll of remove curse
 Y - a scroll of magic mapping
 Z - a scroll of summoning {unknown}
Potions
 e - 3 potions of heal wounds
 x - 2 potions of curing
 E - a potion of agility
 O - a potion of flight
Books
 P - a book of Cantrips

   Spells                             Type                      Level
   a - Confusing Touch                Hexes                        1
   b - Animate Skeleton               Necromancy                   1
   c - Summon Small Mammal            Summoning                    1
   d - Apportation                    Translocation                1
Comestibles
 d - 6 bread rations
 o - 2 fruits
 K - a meat ration
 L - 4 royal jellies


   Skills:
 + Level 3.2 Fighting
 + Level 2.5 Throwing
 + Level 1.9 Armour
 + Level 7.9 Dodging
 + Level 6.5 Shields
 + Level 9.7 Unarmed Combat
 - Level 1.3 Spellcasting
 + Level 2.5 Necromancy


You had 9 spell levels left.
You knew the following spells:

 Your Spells              Type           Power        Failure   Level  Hunger
b - Confusing Touch       Hex            #.....       91%         1    ##.....
z - Animate Skeleton      Necr           N/A          38%         1    ##.....


Dungeon Overview and Level Annotations

Branches:
Dungeon (11/15)            Temple (1/1) D:4
   Lair: D:8-11         Orc: D:9-12

Altars:
Ashenzari
Cheibriados
Dithmenos
Elyvilon
Fedhas
Gozag
Hepliaklqana
Makhleb
Nemelex Xobeh
Qazlal
Ru
Sif Muna
Vehumet
Xom
Zin

Shops:
D:8 *

Portals:
Trove: D:10 (give +6 demon whip)

Annotations:
D:8 Maurice
D:11 koshka's ghost, journeyman DrIE


Innate Abilities, Weirdness & Mutations

You are too large for most types of armour.
You have claws for hands.
Your metabolism is lightning-fast.
You like to eat raw meat.
Your natural rate of healing is unusually fast.
You are covered in fur. (AC +1)
You have very tough skin. (AC +2)


Message History

The five-headed hydra bites you but does no damage.
The five-headed hydra bites you!
* * * LOW HITPOINT WARNING * * *
The five-headed hydra barely misses you.
Throwing (i - inventory. (,) - cycle):
I - a large rock (quivered)
Press: ? - help, Shift-Dir - straight line, f/p - five-headed hydra
Aim: a five-headed hydra (severely wounded)
You throw a large rock.
The large rock barely misses the five-headed hydra.
The five-headed hydra bites you!
* * * LOW HITPOINT WARNING * * *
You block the five-headed hydra's attack.
The five-headed hydra bites you!
* * * LOW HITPOINT WARNING * * *
You block the five-headed hydra's attack.
The five-headed hydra bites you!
* * * LOW HITPOINT WARNING * * *
The five-headed hydra closely misses you.
The five-headed hydra bites you.
You die...

##########
#........#
#.######.#
#.#...<#.#
#.#......#
#@########
#.D(.(...
#########


You could see a five-headed hydra.

Vanquished Creatures
  Erica (D:10)
  A two-headed ogre (D:8)
  The ghost of elan the Grappler, a novice VSTm of Cheibriados (D:8)
  2 manticores (D:10)
  A cyclops (D:9)
  A gargoyle (D:9)
  2 trolls
  A hippogriff (D:9)
  A human (D:9)
  A wraith (D:10)
  4 yaks (D:9)
  4 hogs (D:9)
  2 ice beasts
  An ogre (D:4)
  A centaur (D:8)
  4 bullfrogs
  9 killer bees
  A centaur zombie (D:9)
  A bullfrog zombie (D:11)
  3 hounds
  3 orc wizards (D:10)
  A worker ant (D:4)
  A hound skeleton (D:4)
  2 adders (D:2)
  A shadow imp (D:10)
  2 worms
  A dart slug (D:2)
  8 leopard geckos
  6 orcs
  5 giant cockroaches
  12 goblins
  6 hobgoblins
  3 jackals (D:3)
  7 kobolds
  3 quokkas
  9 bats
  3 frilled lizards
  A jackal zombie (D:8)
  5 rats
121 creatures vanquished.

Vanquished Creatures (others)
  A quokka (D:8)
1 creature vanquished.

Grand Total: 122 creatures vanquished

Notes
Turn   | Place    | Note
-------+----------+-------------------------------------------
     0 | D:1      | shpingle the Troll Gladiator began the quest for the Orb.
     0 | D:1      | Reached XP level 1. HP: 19/19 MP: 0/0
   216 | D:1      | Reached XP level 2. HP: 27/27 MP: 1/1
   702 | D:2      | Found a sparkling altar of Nemelex Xobeh.
   774 | D:2      | Found a faded altar of an unknown god.
   775 | D:2      | Reached XP level 3. HP: 33/33 MP: 2/2
   784 | D:2      | Reached skill level 3 in Dodging
   791 | D:2      | Became a worshipper of Sif Muna the Loreminder
   791 | D:2      | Reached * piety under Sif Muna
  1161 | D:2      | Reached skill level 4 in Unarmed Combat
  1309 | D:2      | Reached XP level 4. HP: 37/41 MP: 3/3
  1794 | D:3      | Found a sacrificial altar of Ru.
  2085 | D:4      | Noticed an ogre
  2095 | D:4      | Killed an ogre
  2095 | D:4      | Reached XP level 5. HP: 48/48 MP: 3/5
  2096 | D:4      | Found a staircase to the Ecumenical Temple.
  2110 | Temple   | Entered the Ecumenical Temple
  2343 | D:5      | Entered Level 5 of the Dungeon
  2507 | D:5      | Noticed an ice beast
  2514 | D:5      | Killed an ice beast
  2514 | D:5      | Reached skill level 5 in Unarmed Combat
  2514 | D:5      | Reached XP level 6. HP: 39/55 MP: 6/6
  2745 | D:8      | Noticed a two-headed ogre
  2758 | D:8      | Killed a two-headed ogre
  2758 | D:8      | Reached skill level 3 in Shields
  2758 | D:8      | Reached skill level 6 in Unarmed Combat
  2758 | D:8      | Reached XP level 7. HP: 57/62 MP: 7/7
  2758 | D:8      | Reached XP level 8. HP: 65/70 MP: 8/8
  2799 | D:8      | Reached skill level 7 in Unarmed Combat
  2838 | D:8      | Found a shattered altar of Ashenzari.
  2869 | D:8      | Found Timuucr Ylokh's Assorted Antiques.
  2882 | D:8      | Bought a glowing robe for 81 gold pieces
  2884 | D:8      | Noticed elan's ghost (novice VSTm)
  2932 | D:8      | Found a white marble altar of Elyvilon.
  2967 | D:8      | Killed elan's ghost
  2967 | D:8      | Reached skill level 6 in Dodging
  3040 | D:8      | Noticed Maurice
  3130 | D:9      | Noticed a cyclops
  3183 | D:9      | Killed a cyclops
  3183 | D:9      | Reached skill level 8 in Unarmed Combat
  3183 | D:9      | Reached XP level 9. HP: 55/76 MP: 9/9
  3345 | D:9      | Found a shimmering altar of Xom.
  3345 | D:9      | Found a glowing silver altar of Zin.
  3346 | D:9      | Noticed an angel
  3350 | D:9      | Noticed a gargoyle
  3372 | D:9      | Killed a gargoyle
  3499 | D:9      | Reached skill level 9 in Unarmed Combat
  3714 | D:9      | Learned a level 1 spell: Animate Skeleton
  3716 | D:9      | Learned a level 1 spell: Confusing Touch
  3850 | D:9      | Reached ** piety under Sif Muna
  3851 | D:9      | Reached skill level 6 in Shields
  3851 | D:9      | Reached XP level 10. HP: 52/87 MP: 10/10
  3941 | D:10     | Entered Level 10 of the Dungeon
  4132 | D:10     | Noticed Erica
  4207 | D:10     | Killed Erica
  4215 | D:10     | Noticed a manticore
  4268 | D:10     | Killed a manticore
  4463 | D:10     | Reached skill level 3 in Fighting
  4497 | D:10     | Found a portal to a secret trove of treasure.
  4687 | D:11     | Noticed koshka's ghost (journeyman DrIE)
  4688 | D:11     | Noticed a manticore
  4706 | D:10     | Killed a manticore
  4892 | D:11     | Noticed a five-headed hydra
  4896 | D:11     | HP: 2/91 [five-headed hydra (7)]
  4896 | D:11     | Slain by a five-headed hydra

Vault maps used:
D:1:      dpeg_arrival_houses_and_road, roderic_serpentine_path
D:2:      first_bread, chequers_ecumenical_altar_island,
          nemelex_lonely_heart_becter
D:3:      nicolae_overflow_hidden_temple
D:4:      nemelex_xobeh_ov_fountains_minmay, minmay_temple_entry_glass
D:5:      cheibrodos_ashenzari_chains, uniq_eustachio, uniq_menkaure
D:6:      lemuel_crystal_altar, minivault_14, ldierk_geyser,
          nicolae_ru_awakened_eye
D:7:      lemuel_coloured_pillars_altar, gammafunk_temple_overflow_statue
D:8:      lemuel_doored_altar, elyvilon_altar_4, overflow_temple_1_default,
          serial_shops, nicolae_shop_trees, basic_altar,
          nicolae_dithmenos_the_darkroom, uniq_maurice
D:9:      grunt_temple_overflow_order_and_chaos_1, grunt_livestock
D:10:     nicolae_trove_entry_free_sample, uniq_erica
D:11:     lair_entry_dummy, minmay_orc_entry_temple_small
Temple:   nicolae_temple_figure_zero

Skill      XL: |  1  2  3  4  5  6  7  8  9 10 |
---------------+-------------------------------+-----
Dodging        | 3 4 5 6 7 |  7.9
Unarmed Combat | 4 5 6 8 9 |  9.7
Spellcasting   | 1 |  1.3
Shields        | 3 4 6 |  6.5
Fighting       | 2 3 |  3.2
Necromancy     | 1 2 |  2.5
Armour         | 1 |  1.9
Throwing       | 2 |  2.5

Action                   |  1- 3 |  4- 6 |  7- 9 | 10-12 || total
-------------------------+-------+-------+-------+-------++-------
Melee: Unarmed           |   117 |   106 |   132 |   122 ||   477
       Punch             |     2 |     1 |       |       ||     3
Throw: Stone             |     2 |     2 |       |       ||     4
       Javelin           |       |     7 |     7 |       ||    14
       Throwing net      |       |     2 |     1 |       ||     3
       Large rock        |       |       |     1 |    17 ||    18
 Cast: Animate Skeleton  |       |       |       |     1 ||     1
  Use: Scroll            |     5 |     4 |     1 |     3 ||    13
       Potion            |       |       |     4 |     1 ||     5
 Stab: Held in net/web   |       |     1 |     1 |       ||     2
       Sleeping          |       |     1 |       |       ||     1
  Eat: Chunk             |    18 |     8 |    15 |     9 ||    50
Armor: Robe              |    43 |    47 |    25 |     8 ||   123
       Troll leather arm |       |       |       |    30 ||    30
Dodge: Dodged            |    52 |    49 |    53 |    80 ||   234
Block: Shield            |       |     2 |    51 |    80 ||   133
